 Dungeon Crawl Stone Soup version 0.21.0 (console) character file.

6628 Kloppie the Basher (level 10, -22/81 HPs)
             Began as a Minotaur Fighter on Jan 7, 2018.
             Was an Elder of Okawaru.
             Killed from afar by a hellephant (62 damage)
             ... with a blast of flame
             ... on level 2 of the Abyss.
             The game lasted 00:13:46 (7934 turns).

Kloppie the Basher (Minotaur Fighter)               Turns: 7934, Time: 00:13:46

Health: -22/81     AC: 10    Str: 22 (24) XL:     10   Next: 72%
Magic:  9/9        EV:  9    Int:  3 (5)  God:    Okawaru [****..]
Gold:   354        SH: 12    Dex:  8 (10) Spells: 9/9 levels left

rFire    . . .     SeeInvis .   a - +3 flail (protect)
rCold    . . .     Gourm    .   c - +0 shield
rNeg     . . .     Faith    .   b - +0 scale mail
rPois    .         Spirit   .   (helmet restricted)
rElec    .         Reflect  .   n - +0 cloak
rCorr    .         Harm     .   v - +0 pair of gloves
MR       .....                  C - +0 pair of boots
Stlth    ..........             (no amulet)
HPRegen  0.23/turn              (no ring)
MPRegen  0.11/turn              (no ring)

@: no status effects
A: retaliatory headbutt, horns 2, frail 1
a: Heroism, Renounce Religion


You were on level 2 of the Abyss.
You worshipped Okawaru.
Okawaru was greatly pleased with you.
You were not hungry.

You visited 2 branches of the dungeon, and saw 9 of its levels.
You visited the Abyss 1 time.

You collected 409 gold pieces.
You spent 55 gold pieces at shops.

Inventory:

Hand Weapons
 a - a +3 flail of protection (weapon)
 u - a +0 flail
Armour
 b - a +0 scale mail (worn)
 c - a +0 shield (worn)
 n - a +0 cloak (worn)
 r - a +0 chain mail
 v - a +0 pair of gloves (worn)
 y - a +0 plate armour
 C - a +0 pair of boots (worn)
Wands
 j - a wand of disintegration (6)
 o - a wand of enslavement (14)
 t - a wand of random effects (34)
 A - a wand of iceblast (6)
Scrolls
 h - a scroll of fear
 m - a scroll of teleportation
 w - 2 scrolls of remove curse
Potions
 d - a potion of curing
 i - 2 potions of brilliance
 k - a potion of haste
 q - 2 potions of flight
Comestibles
 f - 13 rations


   Skills:
 - Level 8.6 Fighting
 + Level 13.5 Maces & Flails
 - Level 3.6 Armour
 + Level 11.8 Shields


You had 9 spell levels left.
You didn't know any spells.

Dungeon Overview and Level Annotations

Branches:
Dungeon (8/15)             Temple (1/1) D:4
   Lair: D:8-11

Altars:
Ashenzari
Cheibriados
Dithmenos
Elyvilon
Fedhas
Gozag
Hepliaklqana
Kikubaaqudgha
Makhleb
Nemelex Xobeh
Okawaru
Qazlal
Ru
Sif Muna
Trog
Uskayaw
Vehumet
Wu Jian
Xom
Yredelemnul
Zin
The Shining One

Shops:
D:4 *   D:6 (

Annotations:
D:8 Grum


Innate Abilities, Weirdness & Mutations

You reflexively headbutt those who attack you in melee.
You have a pair of horns on your head.
You are frail. (-10% HP)


Message History

* * * LOW HITPOINT WARNING * * *
You sock the small abomination!
You destroy the small abomination!
Okawaru accepts your kill.
You start resting.
You feel yourself growing ill in the presence of the ancient zyme.
An ancient zyme comes into view.
A hellephant comes into view.
The hellephant trumpets!
The hellephant blinks!
It was a potion of degeneration.
There was something very wrong with that liquid.
You feel weakened.
You feel dopey.
You feel clumsy.
The hellephant blinks!
It was a potion of cancellation.
You feel magically purged.
Okay, then.
The hellephant breathes flames at you. The blast of flame hits you!
Ouch! That really hurt!
You die...

.. . #. ###
.. #
..##..# #
#.# #
.#.#.# #x.
... ####..#
#. .# #.#
#.Y.
#......
..##.#...#
#.#.#.#..#
#...###..#
##@#...#..#
#.##.#.##.
... ## # ..
#.## ## ...
###


You could see a hellephant.

Vanquished Creatures
  A large abomination (Abyss:2)
  Pikel (D:6)
  Psyche (D:8)
  An ancient zyme (Abyss:2)
  A freezing wraith (Abyss:2)
  Grinder (D:5)
  The ghost of marsu the Ruffian, an amateur DrTm (D:4)
  A raiju (Abyss:2)
  A hippogriff (D:8)
  Sigmund (D:3)
  A neqoxec (Abyss:2)
  A chaos spawn (Abyss:2)
  Menkaure (D:6)
  Duvessa (D:5)
  2 porcupines (D:8)
  2 small abominations (Abyss:2)
  2 sky beasts (D:4)
  An orc warrior (D:7)
  2 ice beasts (D:7)
  2 phantoms
  3 ogres
  2 centaurs (D:8)
  2 wolves (D:8)
  A big kobold (D:7)
  3 bullfrogs
  Dowan (D:5)
  2 scorpions
  7 killer bees (D:7)
  A bullfrog zombie (D:5)
  3 crimson imps
  A quasit (D:7)
  A hound (D:5)
  A centaur zombie (D:8)
  6 orc priests
  Crazy Yiuf (D:5)
  Terence (D:3)
  2 iguanas
  8 orc wizards
  7 worker ants
  A hound zombie (D:6)
  A hound skeleton (D:4)
  8 gnolls
  11 adders
  6 shadow imps
  3 oozes
  An adder skeleton (D:6)
  5 worms
  6 leopard geckos
  18 orcs
  4 giant cockroaches
  9 goblins
  10 hobgoblins
  25 jackals
  11 kobolds
  3 quokkas
  5 bats
  5 frilled lizards
  5 rats
215 creatures vanquished.

Vanquished Creatures (others)
  53 fungi (D:8)
  42 plants (D:8)
95 creatures vanquished.

Grand Total: 310 creatures vanquished

Notes
Turn   | Place    | Note
-------+----------+-------------------------------------------
     0 | D:1      | Kloppie the Minotaur Fighter began the quest for the Orb.
     0 | D:1      | Reached XP level 1. HP: 19/19 MP: 0/0
   125 | D:1      | Reached skill level 3 in Maces & Flails
   125 | D:1      | Reached XP level 2. HP: 27/27 MP: 1/1
   266 | D:1      | Reached XP level 3. HP: 17/34 MP: 2/2
  1129 | D:2      | Reached skill level 4 in Maces & Flails
  1134 | D:2      | Reached XP level 4. HP: 30/41 MP: 3/3
  1221 | D:2      | Reached skill level 5 in Fighting
  2000 | D:3      | Noticed a bullfrog
  2009 | D:3      | Killed a bullfrog
  2009 | D:3      | Reached skill level 5 in Maces & Flails
  2009 | D:3      | Reached XP level 5. HP: 36/50 MP: 4/4
  2220 | D:3      | Noticed Sigmund
  2236 | D:3      | Killed Sigmund
  2236 | D:3      | Reached skill level 6 in Maces & Flails
  2236 | D:3      | Reached XP level 6. HP: 57/58 MP: 5/5
  2318 | D:3      | Noticed Terence
  2325 | D:3      | Killed Terence
  3253 | D:4      | Reached XP level 7. HP: 55/66 MP: 6/6
  3291 | D:4      | Found Picoihiv's General Store.
  3300 | D:4      | Bought a scroll of identify for 22 gold pieces
  3300 | D:4      | Bought a scroll of remove curse for 33 gold pieces
  3334 | D:4      | Noticed marsu's ghost (amateur DrTm)
  3339 | D:4      | Killed marsu's ghost
  3339 | D:4      | Reached skill level 7 in Maces & Flails
  3384 | D:4      | Found a shattered altar of Ashenzari.
  3502 | D:4      | Reached skill level 8 in Maces & Flails
  3566 | D:4      | Reached XP level 8. HP: 75/75 MP: 7/7
  3787 | D:4      | Found a staircase to the Ecumenical Temple.
  3795 | Temple   | Entered the Ecumenical Temple
  3990 | Temple   | Became a worshipper of Warmaster Okawaru
  4097 | D:5      | Entered Level 5 of the Dungeon
  4128 | D:5      | Noticed Duvessa
  4135 | D:5      | Noticed Dowan
  4137 | D:5      | Killed Duvessa
  4137 | D:5      | Reached skill level 5 in Shields
  4145 | D:5      | Reached skill level 9 in Maces & Flails
  4157 | D:5      | Killed Dowan
  4212 | D:4      | Reached * piety under Okawaru
  4411 | D:5      | Found a hazy altar of Hepliaklqana.
  4411 | D:5      | Noticed Grinder
  4581 | D:5      | Killed Grinder
  4581 | D:5      | Reached skill level 10 in Maces & Flails
  4831 | D:5      | Found a runed door.
  5041 | D:5      | Noticed Crazy Yiuf
  5044 | D:5      | Killed Crazy Yiuf
  5044 | D:5      | Reached XP level 9. HP: 82/82 MP: 8/8
  5180 | D:6      | Noticed Menkaure
  5188 | D:6      | Killed Menkaure
  5258 | D:6      | Found Xiahod's Weapon Emporium.
  5335 | D:6      | Reached ** piety under Okawaru
  5614 | D:6      | Noticed Pikel
  5637 | D:6      | Killed Pikel
  5637 | D:6      | Reached skill level 11 in Maces & Flails
  6294 | D:7      | Reached *** piety under Okawaru
  6642 | D:7      | Reached skill level 12 in Maces & Flails
  6818 | D:8      | Noticed Psyche
  6875 | D:8      | Reached skill level 10 in Shields
  6881 | D:8      | Killed Psyche
  6881 | D:8      | Reached XP level 10. HP: 38/90 MP: 9/9
  7345 | D:8      | Noticed Grum
  7352 | D:8      | Noticed a two-headed ogre
  7355 | D:8      | Reached **** piety under Okawaru
  7620 | D:8      | Cast into level 2 of the Abyss (gnoll)
  7662 | Abyss:2  | Gained mutation: You are frail. (-10% HP) [a neqoxec]
  7705 | Abyss:2  | Noticed an angel
  7707 | Abyss:2  | Reached skill level 13 in Maces & Flails
  7806 | Abyss:2  | Noticed a large abomination
  7823 | Abyss:2  | Killed a large abomination
  7930 | Abyss:2  | Noticed a hellephant
  7934 | Abyss:2  | Killed from afar by a hellephant

Skill      XL: |  1  2  3  4  5  6  7  8  9 10 |
---------------+-------------------------------+-----
Fighting       | 4 5 6 7 8 |  8.6
Maces & Flails | 3 4 5 6 8 10 12 13 | 13.5
Shields        | 7 10 11 | 11.8
Armour         | |  3.6

Action                   |  1- 3 |  4- 6 |  7- 9 | 10-12 || total
-------------------------+-------+-------+-------+-------++-------
Melee: Flail             |    91 |   145 |   304 |   108 ||   648
       Headbutt          |    11 |    23 |    60 |    20 ||   114
Invok: Heroism           |       |       |       |     2 ||     2
  Use: Potion            |       |     1 |     6 |     7 ||    14
       Scroll            |       |       |    11 |     4 ||    15
  Eat: Chunk             |     1 |     7 |     7 |     3 ||    18
       Ration            |       |       |     1 |     1 ||     2
Armor: Scale mail        |    32 |       |       |     1 ||    33
       Ring mail         |     7 |    68 |   113 |    29 ||   217
Dodge: Dodged            |    39 |    72 |   102 |    34 ||   247
Block: Shield            |    34 |       |    70 |    59 ||   163
       Buckler           |       |       |    20 |       ||    20
